 Dungeon Crawl Stone Soup version 0.23.2-33-g5129a83184 (webtiles) character file.

Game seed: 18277499724247252043

55 t4s4d4r the Conjurer (level 3, 0/19 HPs)
             Began as a Tengu Fire Elementalist on July 12, 2019.
             Slain by Terence
             ... wielding a +0 mace
              (9 damage)
             ... on level 2 of the Dungeon.
             The game lasted 00:02:48 (1397 turns).

t4s4d4r the Conjurer (Tengu Fire Elementalist)      Turns: 1397, Time: 00:02:48

Health: 0/19       AC:  2    Str:  8    XL:     3   Next: 93%
Magic:  1/8        EV: 12    Int: 16    God:
Gold:   119        SH:  0    Dex: 14    Spells: 4/8 levels left

rFire    . . .     SeeInvis .   f - +0 whip
rCold    . . .     Gourm    .   (no shield)
rNeg     . . .     Faith    .   a - +0 robe
rPois    .         Spirit   .   (helmet restricted)
rElec    .         Reflect  .   (no cloak)
rCorr    .         Harm     .   (no gloves)
MR       .....                  (boots unavailable)
Stlth    ++........             (no amulet)
HPRegen  0.06/turn              (no ring)
MPRegen  0.11/turn              (no ring)

@: no status effects
A: beak, talons 3
a: no special abilities


You were on level 2 of the Dungeon.
You were not hungry.

You visited 1 branch of the dungeon, and saw 2 of its levels.

You collected 119 gold pieces.

Inventory:

Hand Weapons
 f - a +0 whip (weapon)
Missiles
 n - 12 stones (quivered)
Armour
 a - a +0 robe (worn)
Jewellery
 k - an uncursed amulet of rage {unknown}
Scrolls
 b - 2 scrolls of noise {unknown}
 d - a scroll of amnesia {unknown}
 e - 2 scrolls of remove curse {unknown}
 g - a scroll of identify {unknown}
 h - a scroll of teleportation {unknown}
 i - a scroll of blinking {unknown}
 m - a scroll of enchant weapon {unknown}
Potions
 j - a potion of berserk rage {unknown}
Comestibles
 c - 2 rations
 l - 3 chunks of flesh


   Skills:
 - Level 2.1 Dodging
 - Level 2.0 Stealth
 * Level 3.0 Spellcasting
 + Level 3.4 Conjurations
 + Level 3.3 Fire Magic


You had 4 spell levels left.
You knew the following spells:

 Your Spells              Type           Power        Failure   Level  Hunger
a - Flame Tongue          Conj/Fire      ##...        4%          1    #......
b - Conjure Flame         Conj/Fire      ##......     14%         3    ###....

Your spell library contained the following spells:

 Spells                   Type           Power        Failure   Level  Hunger
 Throw Flame              Conj/Fire      ##....       7%          2    ##.....
 Inner Flame              Hex/Fire       #.......     28%         3    ###....
 Sticky Flame             Conj/Fire      ##......     43%         4    #####..
 Fireball                 Conj/Fire      ##........   78%         5    ######.


Dungeon Overview and Level Annotations

Branches:
Dungeon (2/15)

Altars:

Annotations:
D:2 Natasha, Terence


Innate Abilities, Weirdness & Mutations

You have a beak for a mouth.
You have claws for feet.


Message History

Terence is severely wounded.
Terence hits you with a +0 mace.
Casting: Flame Tongue (safe; 4% risk of failure)
Confirm with . or Enter, or press ? or * to list all spells.
Aiming: Flame Tongue (safe; 4% risk of failure)
Press: ? - help, Shift-Dir - straight line, f/p - Terence
Aim: Terence, wielding a +0 mace, wearing a +0 scale mail and carrying a wand of random effects (10) (severely wounded)
The flame tongue hits Terence.
Terence is almost dead.
Terence hits you with a +0 mace.
Casting: Flame Tongue (safe; 4% risk of failure)
Confirm with . or Enter, or press ? or * to list all spells.
Aiming: Flame Tongue (safe; 4% risk of failure)
Press: ? - help, Shift-Dir - straight line, f/p - Terence
Aim: Terence, wielding a +0 mace, wearing a +0 scale mail and carrying a wand of random effects (10) (almost dead)
The flame tongue misses Terence.
Terence hits you but does no damage.
Natasha, Servant of Life and Death comes into view.
Unknown command.
Terence hits you with a +0 mace!
You die...

......#.# ...
..#.# ..(.....#
.$......####
.....#.?...#
........##h#
......†.##.# ...
#.##@###
..##..@...+
..#..#)###.
#.#..#........
####.#..##.######
#..........#
#.##....####
#..#<# #..#.### #
#..#...######.#


You could see Terence and Natasha.

Vanquished Creatures
  An ooze (D:1)
  A dart slug (D:1)
  4 leopard geckos
  A ball python (D:2)
  2 bats
  6 giant cockroaches
  5 goblins (D:2)
  7 hobgoblins
  6 kobolds
  A frilled lizard (D:1)
  4 rats
38 creatures vanquished.

Notes
Turn   | Place    | Note
-------+----------+-------------------------------------------
     0 | D:1      | t4s4d4r the Tengu Fire Elementalist began the quest for the
                  | Orb.
     0 | D:1      | Reached XP level 1. HP: 10/10 MP: 4/4
    93 | D:1      | Reached XP level 2. HP: 15/15 MP: 3/6
   449 | D:1      | Reached XP level 3. HP: 17/19 MP: 3/7
  1011 | D:2      | Learned a level 3 spell: Conjure Flame
  1389 | D:2      | Noticed Terence
  1396 | D:2      | Noticed Natasha
  1397 | D:2      | Slain by Terence

Skill      XL: |  1  2  3 |
---------------+----------+-----
Conjurations   | 2 3 |  3.4
Spellcasting   | 3 |  3.0
Dodging        | |  2.1
Stealth        | |  2.0
Fire Magic     | |  3.3

Action                   || total
-------------------------++-------
Melee: Whip              ||    29
       Kick              ||     4
       Peck              ||     1
 Cast: Flame Tongue      ||    52
 Stab: Distracted        ||     1
       Sleeping          ||     1
  Eat: Chunk             ||     2
Armor: Robe              ||     4
Dodge: Dodged            ||    27
